Map: King Sejong Station LE

Players

Gracz - Winner!

  • Race: Protoss Protoss

Jombus

  • Race: Protoss Protoss

VOD

Have the link to the VOD?

Description

Time

  • Played on: Oct. 19, 2016, 10:47 a.m.
  • Length: 10:57
Show
View Real Time Build Order
Export as new Build Order

Gracz Protoss - Winner!

Build Orders: 1 Gate Expand 

Get SALT Encoding   

  12  0:01  Probe (Chrono Boost)  
  13  0:21  Pylon  
  13  0:28  Probe (Chrono Boost)  
  14  0:41  Gateway  
  14  0:51  Gateway  
  14  0:56  Probe (Chrono Boost)  
  15  1:01  Assimilator  
  15  1:08  Probe (Chrono Boost)  
  16  1:30  Unknown, Nexus  
  16  1:38  Cybernetics Core  
  16  1:51  Pylon  
  16  1:53  Probe (Chrono Boost)  
  17  2:03  Probe (Chrono Boost)  
  18  2:14  Probe (Chrono Boost)  
  18  2:15  Pylon  
  19  2:16  Assimilator, Stalker  
  19  2:18  Warp Gate  
  21  2:32  Probe (Chrono Boost)  
  22  2:42  Unknown  
  23  2:44  Probe (Chrono Boost)  
  23  3:02  Stalker  
  23  3:04  Probe (Chrono Boost)  
  24  3:06  Stalker  
  28  3:14  Probe (Chrono Boost)  
  28  3:16  Probe (Chrono Boost)  
  30  3:26  Probe (Chrono Boost)  
  32  3:28  Probe (Chrono Boost)  
  30  3:39  Probe (Chrono Boost)  
  30  3:40  Probe (Chrono Boost)  
  32  3:42  Assimilator  
  32  3:51  Probe (Chrono Boost)  
  32  3:52  Probe (Chrono Boost)  
  32  3:54  Twilight Council  
  36  4:03  Probe (Chrono Boost)  
  36  4:04  Probe (Chrono Boost)  
  36  4:15  Probe (Chrono Boost)  
  36  4:16  Probe (Chrono Boost)  
  38  4:20  Gateway  
  38  4:23  Gateway  
  38  4:25  Gateway  
  38  4:27  Probe (Chrono Boost)  
  38  4:28  Probe (Chrono Boost)  
  41  4:39  Probe (Chrono Boost)  
  41  4:40  Probe (Chrono Boost)  
  41  4:44  Assimilator  
  42  4:45  Pylon  
  42  4:51  Stalker, Probe (Chrono Boost)  
  46  4:53  Sentry, Probe (Chrono Boost)  
  48  5:05  Mothership Core (Chrono Boost), Probe (Chrono Boost)  
  48  5:06  Robotics Facility  
  51  5:07  Robotics Facility  
  51  5:12  Sentry  
  53  5:17  Probe (Chrono Boost)  
  54  5:21  Stalker  
  54  5:25  Probe (Chrono Boost)  
  58  5:29  Probe (Chrono Boost)  
  59  5:37  Probe (Chrono Boost)  
  59  5:44  Stalker  
  61  5:50  Unknown, Nexus  
  61  5:53  Pylon  
  61  5:54  Pylon  
  61  5:56  Blink  
  61  5:57  Pylon  
  61  6:11  Immortal x2  
  69  6:18  Stalker x3  
  73  6:21  Sentry  
  78  6:34  Probe x2 (Chrono Boost)  
  78  6:36  Stalker  
  81  6:46  Probe x2 (Chrono Boost)  
  83  6:47  Robotics Facility  
  83  6:50  Robotics Facility  
  83  6:58  Probe (Chrono Boost)  
  84  7:02  Unknown  
  84  7:12  Stalker x2  
  84  7:13  Stalker  
  84  7:15  Sentry  
  92  7:32  Probe (Chrono Boost)  
  92  7:33  Probe (Chrono Boost)  
  92  7:34  Probe (Chrono Boost)  
  92  7:35  Assimilator  
  95  7:39  Assimilator  
  95  7:43  Probe (Chrono Boost)  
  98  7:46  Probe x2 (Chrono Boost)  
  98  7:51  Robotics Bay  
  98  7:53  Templar Archives, Probe (Chrono Boost)  
  98  7:56  Forge  
  98  7:58  Probe x2 (Chrono Boost)  
  101  7:59  Forge  
  101  8:15  Pylon  
  101  8:17  Pylon  
  101  8:20  Pylon, Protoss Ground Armor Level 1  
  101  8:21  Pylon  
  101  8:22  Pylon x3  
  101  8:23  Pylon  
  101  8:31  Psionic Storm  
  101  8:33  Protoss Ground Weapons Level 1  
  102  8:34  Probe (Chrono Boost)  
  102  8:37  Extended Thermal Lance  
  102  8:38  Colossus  
  82  9:44  Stalker x3  
  88  9:45  Stalker x2  
  90  10:41  Stalker x3  
  90  10:42  Stalker  
  98  10:43  Stalker  
Show
View Real Time Build Order
Export as new Build Order

Jombus Protoss 

Build Orders:  

Get SALT Encoding   

  12  0:02  Probe (Chrono Boost)  
  13  0:17  Pylon  
  13  0:20  Probe (Chrono Boost)  
  14  0:29  Assimilator  
  14  0:46  Gateway  
  14  0:58  Pylon  
  14  1:03  Probe (Chrono Boost)  
  15  1:14  Probe (Chrono Boost)  
  15  1:17  Gateway  
  16  1:30  Probe (Chrono Boost)  
  17  1:41  Cybernetics Core  
  17  1:51  Pylon  
  17  2:06  Forge  
  17  2:13  Probe (Chrono Boost)  
  18  2:18  Stalker  
  18  2:20  Stalker  
  22  2:29  Assimilator  
  22  2:43  Protoss Shields Level 1  
  22  3:04  Unknown, Nexus  
  22  3:13  Probe (Chrono Boost)  
  22  3:17  Stalker  
  25  3:23  Probe (Chrono Boost)  
  26  3:36  Stalker  
  28  3:53  Photon Cannon  
  28  3:57  Photon Cannon  
  28  4:05  Probe (Chrono Boost)  
  29  4:16  Unknown, Probe (Chrono Boost)  
  30  4:18  Probe (Chrono Boost)  
  31  4:28  Probe (Chrono Boost)  
  32  4:39  Photon Cannon  
  32  4:43  Assimilator  
  32  4:45  Probe (Chrono Boost)  
  33  4:48  Probe (Chrono Boost)  
  34  4:55  Probe (Chrono Boost)  
  34  4:58  Probe (Chrono Boost)  
  36  5:02  Stalker  
  36  5:06  Probe (Chrono Boost)  
  39  5:09  Stalker, Probe (Chrono Boost)  
  42  5:16  Probe (Chrono Boost)  
  43  5:23  Probe (Chrono Boost)  
  43  5:27  Probe (Chrono Boost)  
  45  5:34  Probe (Chrono Boost)  
  46  5:44  Probe (Chrono Boost)  
  47  5:56  Stargate  
  47  6:01  Stargate  
  47  6:03  Protoss Ground Weapons Level 1  
  47  6:13  Pylon  
  47  6:19  Photon Cannon  
  47  6:32  Protoss Air Weapons Level 1  
  47  6:33  Twilight Council  
  47  6:41  Void Ray  
  51  6:54  Fleet Beacon, Void Ray  
  55  7:03  Assimilator  
  55  7:08  Probe (Chrono Boost)  
  56  7:18  Probe (Chrono Boost)  
  57  7:28  Cybernetics Core  
  57  7:31  Void Ray  
  61  8:11  Protoss Shields Level 2  
  61  8:24  Protoss Air Armor Level 1  
  61  8:39  Pylon  
  61  8:47  Pylon  
  61  8:58  Mothership Core (Chrono Boost), Stalker  
  61  9:00  Unknown, Nexus  
  61  9:01  Sentry  
  39  9:40  Void Ray  
  39  9:42  Void Ray  
  41  9:51  Robotics Facility  
  34  10:01  Gateway  
  33  10:08  Mothership Core (Chrono Boost)  
  33  10:12  Unknown  
Tags
 
Add a new tag
Caveats
  • Supply blocks, unpowered buildings, or Contaminate may cause inaccurate times.
  • Supply counts are checked every 10 seconds.